 Dungeon Crawl Stone Soup version 0.31-a0-700-gf13585253f (webtiles) character file.

Game seed: 7479845376259934696

226202 qw the Crack Shot (level 19, -1/133 HPs)
             Began as a Gargoyle Hunter on Sept 7, 2023.
             Was an Elder of Okawaru.
             Slain by a deep troll (17 damage)
             ... led by an ironbound preserver
             ... on level 3 of the Vaults.
             The game lasted 00:14:57 (30342 turns).

qw the Crack Shot (Gargoyle Hunter)                Turns: 30342, Time: 00:14:57

Health: -1/133     AC: 37    Str: 22    XL:     19   Next: 35%
Magic:  26/26      EV: 31    Int:  6    God:    Okawaru [****..]
Gold:   489        SH:  5    Dex: 25    Spells: 18/18 levels left

rFire   + . .        A - +3 triple crossbow (heavy)
rCold   . . .        (shield currently unavailable)
rNeg    + . .        q - +1 ring mail "Nesidd" {rPois Str+5 Int-2 SInv}
rPois   inf          g - +2 helmet
rElec   +            m - +0 cloak
rCorr   .            w - +2 pair of gloves
SInv    +            o - +2 pair of boots
Will    +....        f - amulet of reflection
Stlth   +++          v - +6 ring of dexterity
HPRegen 0.42/turn    z - +5 ring of evasion
MPRegen 0.20/turn

%: reflection
@: heroic, marked, flying
A: sickness immunity, AC +14, big wings, negative energy resistance 1,
electricity resistance, torment resistance 1, petrification resistance, hooves
1, dopey 1, fire resistance 1
}: 1/15 runes: serpentine
a: Renounce Religion, Heroism, Finesse


You were on level 3 of the Vaults.
You worshipped Okawaru.
Okawaru was greatly pleased with you.
You visited 7 branches of the dungeon, and saw 33 of its levels.

You collected 3353 gold pieces.
You spent 2864 gold pieces at shops.


Innate Abilities, Weirdness & Mutations

You are immune to sickness and miasma.
Your stone body is resilient. (AC +14)
You are immune to poison.
Your large and strong wings let you fly.
You resist negative energy. (rN+)
You are resistant to electric shocks. (rElec)
You are resistant to unholy torment.
You are immune to petrification.
You have large cloven feet.
You are dopey. (Int -2)
Your flesh is heat resistant. (rF+)


   Skills:
 + Level 19.6(24.6) Fighting
 - Level 22.0(27) Ranged Weapons
 - Level 13.0(18.0) Armour
 - Level 12.0(17.0) Dodging
 - Level 1.1(6.1) Stealth
 - Level 10.0 Invocations


You had 18 spell levels left.
You didn't know any spells.
Your spell library was empty.

Inventory:

Hand Weapons
 A - a +3 heavy triple crossbow (weapon)
Armour
 a - a +0 troll leather armour
 d - a +3 leather armour of willpower
 g - a +2 helmet (worn)
 i - a +2 leather armour of fire resistance
 m - a +0 cloak (worn)
 o - a +2 pair of boots (worn)
 q - the +1 ring mail "Nesidd" (worn) {rPois Str+5 Int-2 SInv}
   (Okawaru gifted it to you on level 15 of the Dungeon)

   Str+5:     It affects your strength (+5).
   Int-2:     It affects your intelligence (-2).
   rPois:     It protects you from poison SInv: It lets you see invisible.
 w - a +2 pair of gloves (worn)
 x - a +1 robe of resistance
Jewellery
 f - an amulet of reflection (around neck)
 r - the ring "Siskuyle" {rF+ Dex+2}
   (You found it on level 5 of the Lair of Beasts)

   [ring of protection from fire]

   Dex+2:     It affects your dexterity (+2).
   rF+:       It protects you from fire.
 v - a +6 ring of dexterity (left hand)
 z - a +5 ring of evasion (right hand)
Wands
 h - a wand of digging (41)
Scrolls
 b - 11 scrolls of identify
 s - 12 scrolls of teleportation
 y - a scroll of brand weapon
Potions
 c - 2 potions of cancellation
 e - 4 potions of mutation
 j - a potion of haste
 k - 5 potions of might
 l - 2 potions of resistance
 n - 10 potions of enlightenment
 p - 6 potions of curing
 t - 2 potions of magic
 u - 2 potions of heal wounds

Dungeon Overview and Level Annotations

Branches:
Dungeon (15/15)            Temple (1/1) D:7            Lair (5/5) D:9
  Swamp (3/4) Lair:2        Snake (4/4) Lair:2        Slime (0/5) Lair:4
    Orc (2/2) D:9             Elf (0/3) Orc:2        Vaults (3/5) D:13
  Crypt (0/3) Vaults:2     Depths (0/4) D:15

Altars:
Ashenzari
Cheibriados
Dithmenos
Elyvilon
Fedhas
Gozag
Hepliaklqana
Kikubaaqudgha
Makhleb
Nemelex Xobeh
Okawaru
Qazlal
Ru
Sif Muna
Trog
Uskayaw
Vehumet
Wu Jian
Xom
Yredelemnul
Zin
The Shining One
Lugonu

Shops:
D:9 [:   Orc:2 ?==?   Snake:3 *   Vaults:1 *

Portals:
Abyss: Lair:5

Annotations:
D:3 1 runed translucent door, Crazy Yiuf
D:10 1 runed translucent door, qw's ghost, novice GrHu
D:11 3 runed translucent doors, Guaramm's ghost, journeyman KoBr
D:12 3 runed translucent doors, qw's ghost, journeyman GrHu
Lair:4 exclusion: 2 oklob plants
Vaults:2 2 transporters


Message History

The vault warden closely misses you.
Electricity crackles from the ironbound thunderhulk's apparatus.
The bolt of lightning misses you.
The deep troll completely misses you. x2
The deep troll misses you.
The vault sentinel blows a loud note on a signal horn!
The vault warden closely misses you.
Enter note:
Enter note:
Enter note:
Enter note:
Enter note:
Enter note:
Enter note:
Enter note:
Enter note:
Enter note:
Enter note:
Enter note:
Enter note:
Enter note:
Enter note:
Enter note:
30341 |||
Found retreat position at 1,0 (closed_door) with 0 blocking monsters and 2 monsters attacking at destination at distance 1
Enter note:
Enter note:
30341 ||| Stepping ~*~*~tactically~*~*~ (retreating).
You reach down and open the door.
The ironbound convoker gestures at the deep troll while chanting.
The deep troll seems to grow stronger.
The deep troll completely misses you. You block the deep troll's attack.
The deep troll claws you!
Strange energies crackle from the ironbound thunderhulk's apparatus.
The ironbound thunderhulk blinks!
30342 |||
Found retreat position at 1,0 (vault warden; open_door) with 0 blocking monsters and 2 monsters attacking at destination at distance 1 You shoot a bolt.
The bolt hits the vault warden!!
The vault warden is moderately wounded.
The deep troll completely misses you. The deep troll closely misses you.
The deep troll claws you!! The vault warden misses you.
The ironbound convoker closely misses you.
You block the deep troll's attack. The deep troll claws you!
You die...

#......#..
+.....#...<..#..
#.....#......###
#.....#......#
#.....#......#
#.....#####+####
#...............
########.............).
#....p@p...............
#..(.Tp#...............
#......#............)..
#......#+##############
#......#..<........#
#.....O#...........#
#....ยค.#...........#
#......#...........#
#......#.......>...#


You could see a vault warden (strong), an ironbound thunderhulk (strong), a deep
troll (strong), a vault sentinel (strong, catching breath) and an ironbound
convoker.

Vanquished Creatures
  Kirke (D:15)
  Roxanne (Swamp:3)
  8 nagarajas
  4 vault wardens
  8 ironbound preservers
  An ironbound thunderhulk (Vaults:3)
  Nessos (Lair:4)
  2 eleionomae (Swamp:2)
  4 bunyips (Swamp:2)
  A fire dragon (D:14)
  5 yaktaur captains
  An entropy weaver (Vaults:2)
  A crystal guardian (Vaults:3)
  11 vault guards
  A great orb of eyes (Vaults:1)
  2 salamander tyrants
  An ogre mage (D:14)
  11 centaur warriors
  8 hydras
  A peacekeeper (Vaults:3)
  Fannar (Lair:3)
  2 boulder beetles
  A catoblepas (D:15)
  8 ironbound frosthearts
  8 alligators
  6 anacondas
  9 two-headed ogres
  A tengu warrior (D:13)
  8 naga sharpshooters
  15 naga warriors
  4 thrashing horrors (Lair:5)
  4 orc high priests (Orc:2)
  4 shock serpents
  Nergalle (D:12)
  Sonja (Lair:3)
  6 salamander mystics
  12 skeletal warriors
  3 goliath frogs
  6 swamp dragons
  21 deep trolls
  A spriggan druid (Swamp:3)
  3 lindwurms (Vaults:1)
  A shadow dragon zombie (D:15)
  4 wizards
  4 bog bodies
  10 ironbound convokers
  A phantasmal warrior (D:15)
  2 deep elf pyromancers
  6 naga ritualists
  5 orc sorcerers
  5 will-o-the-wisps
  A necromancer (D:15)
  5 orc knights
  5 mana vipers
  An oklob plant (Lair:4)
  17 ugly things
  2 frost giant zombies (D:15)
  2 manticores (D:15)
  A tengu skeleton (D:15)
  4 cyclopes
  20 salamanders
  18 elephants
  26 black mambas
  Maurice (D:8)
  6 vault sentinels
  A black mamba (shapeshifter) (Lair:5)
  18 naga magi
  7 guardian serpents
  A torpor snail (Lair:5)
  3 smoke demons (Lair:5)
  3 gargoyles
  Psyche (D:8)
  12 cane toads
  A rime drake (shapeshifter) (Lair:5)
  11 komodo dragons
  A freezing wraith (D:14)
  2 rime drakes
  2 kobold demonologists
  An unseen horror (D:10)
  3 tengu conjurers
  24 yaktaurs
  5 tyrant leeches
  A red devil (D:12)
  5 trolls
  14 hornets
  A polar bear (Lair:4)
  A bloated husk (Swamp:2)
  17 blink frogs
  A hornet (shapeshifter) (D:15)
  2 raiju (Lair:5)
  7 dream sheep (Lair:4)
  A culicivora (Vaults:2)
  A vampire (D:9)
  2 wraiths (D:11)
  12 slime creatures
  A ynoxinul (Lair:5)
  A shadow (D:11)
  14 spriggans
  5 water elementals
  9 basilisks
  A human (D:15)
  24 yaks
  2 hogs (D:15)
  A chaos spawn (Lair:5)
  2 steam dragons
  5 vampire mosquitoes
  42 nagas
  7 swamp worms
  16 water moccasins
  An acid dragon (D:8)
  2 large abominations (Lair:5)
  20 orc warriors
  2 swamp drakes
  2 black bears (D:8)
  A sky beast (D:6)
  6 wolves (Lair:1)
  3 ogres
  6 centaurs
  8 kobold brigands
  3 phantoms
  11 bullfrogs
  6 scorpions
  9 small abominations (Lair:5)
  5 wights (D:5)
  13 killer bees
  2 howler monkeys
  3 electric eels (D:15)
  A lava snake (D:10)
  9 orc priests
  2 jellies
  A gnoll bouda (D:4)
  6 hounds
  3 sleepcaps
  An iron imp (D:12)
  3 iguanas
  23 orc wizards
  Natasha (thrice) (D:2)
  3 gnolls (D:4)
  4 adders
  A shadow imp (D:4)
  3 white imps
  An ufetubus (D:12)
  A worm (D:3)
  5 dart slugs
  63 orcs
  6 endoplasms
  6 giant cockroaches
  7 goblins
  2 hobgoblins
  8 jackals
  A quokka (D:2)
  8 ball pythons
  9 bats
  4 frilled lizards
  25 kobolds
  6 rats
954 creatures vanquished.

Vanquished Creatures (others)
  A salamander mystic (Snake:3)
  A spriggan druid (Swamp:3)
  A bloated husk (Swamp:3)
  A spriggan (Swamp:3)
  16 foxfires
20 creatures vanquished.

Grand Total: 974 creatures vanquished

Notes
Turn   | Place    | Note
-------+----------+-------------------------------------------
     0 | D:1      | qw the Gargoyle Hunter began the quest for the Orb.
     0 | D:1      | Reached XP level 1. HP: 12/12 MP: 1/1
     0 | D:1      | 0 ||| qw: Version: 0.3-a-76-g4403597
     0 | D:1      | 0 ||| qw: Game counter: 597
     0 | D:1      | 0 ||| qw: Melee chars always use a shield: true
     0 | D:1      | 0 ||| qw: God list: Okawaru
     0 | D:1      | 0 ||| qw: Allow faded altars: false
     0 | D:1      | 0 ||| qw: Do Orc after clearing Dungeon:15 true
     0 | D:1      | 0 ||| qw: Do second Lair branch before Depths: true
     0 | D:1      | 0 ||| qw: Lair rune preference: random
     0 | D:1      | 0 ||| qw: Goals: Normal
     0 | D:1      | 0 ||| PLANNING D:1-11
   122 | D:1      | Reached XP level 2. HP: 17/17 MP: 2/2
   604 | D:1      | Reached XP level 3. HP: 21/21 MP: 3/3
   840 | D:1      | Reached skill level 5 in Ranged Weapons
  1031 | D:1      | 1031 ||| UPGRADING to +0 ring mail.
  1041 | D:1      | 1041 ||| DROPPING +0 leather armour.
  1042 | D:1      | 1042 ||| UPGRADING to +6 ring of strength.
  1043 | D:1      | 1043 ||| READING scroll labelled DEPSU MEEGUNU.
  1047 | D:1      | 1047 ||| READING 3 scrolls labelled CEATOCSUIJ.
  1048 | D:1      | 1048 ||| READING scroll labelled TIAPLE ICSO.
  1049 | D:1      | 1049 ||| DRINKING 2 brown potions.
  1050 | D:1      | 1050 ||| DROPPING scroll of butterflies.
  1051 | D:1      | 1051 ||| DROPPING 2 scrolls of immolation.
  1133 | D:2      | Noticed Natasha
  1136 | D:2      | Killed Natasha
  1150 | D:2      | Reached XP level 4. HP: 23/27 MP: 4/4
  1322 | D:2      | Noticed Natasha
  1329 | D:2      | Killed Natasha
  1330 | D:2      | Reached skill level 3 in Fighting
  1361 | D:2      | Noticed Natasha
  1365 | D:2      | 1365 ||| RETREATING.
  1366 | D:2      | 1366 ||| Stepping ~*~*~tactically~*~*~ (retreating).
  1367 | D:2      | 1367 ||| Stepping ~*~*~tactically~*~*~ (retreating).
  1371 | D:2      | HP: 6/28 [cerulean imp/+2 spear[Natasha] (3)]
  1372 | D:2      | 1372 ||| DRINKING potion of heal wounds.
  1375 | D:2      | Killed Natasha
  1376 | D:2      | Reached XP level 5. HP: 32/32 MP: 5/5
  1768 | D:2      | Identified the +2 rapier "Concordance" {spect, rC+ Str+3}
  1949 | D:2      | 1949 ||| UPGRADING to amulet of guardian spirit.
  1954 | D:2      | 1954 ||| DROPPING ring of wizardry.
  1955 | D:2      | 1955 ||| READING scroll labelled YTISKE LYLEXKI.
  1955 | D:2      | Identified a scroll of acquirement
  1955 | D:2      | 1955 ||| ACQUIRING +7 sling of draining
  1955 | D:2      | Acquired a +7 sling of draining
  1957 | D:2      | 1957 ||| SWAPPING to +7 sling of draining.
  1958 | D:2      | 1958 ||| DROPPING +0 shortbow.
  1959 | D:2      | 1959 ||| DRINKING 2 bubbling cyan potions.
  1960 | D:2      | 1960 ||| DRINKING 2 smoky silvery potions.
  1961 | D:2      | 1961 ||| DROPPING potion of invisibility.
  1962 | D:2      | 1962 ||| DROPPING potion of degeneration.
  2298 | D:3      | Reached skill level 6 in Ranged Weapons
  2497 | D:3      | Found a runed translucent door.
  2498 | D:3      | Noticed Crazy Yiuf
  2768 | D:3      | Found Lesoam's General Store.
  2930 | D:3      | 2930 ||| UPGRADING to +0 pair of gloves.
  2935 | D:3      | 2935 ||| READING scroll labelled SETEINGORPH.
  2936 | D:3      | 2936 ||| READING scroll labelled LINUUSHR TYVEU.
  2937 | D:3      | 2937 ||| READING scroll labelled OLUIDGH HUARE.
  2938 | D:3      | 2938 ||| DRINKING 2 smoky clear potions.
  2939 | D:3      | 2939 ||| DRINKING 4 golden potions.
  2940 | D:3      | 2940 ||| DROPPING 3 potions of brilliance.
  2994 | D:4      | Reached XP level 6. HP: 37/38 MP: 6/6
  3031 | D:4      | Reached XP level 7. HP: 44/44 MP: 7/7
  3060 | D:4      | Reached skill level 7 in Ranged Weapons
  3114 | D:4      | 3114 ||| FLEEEEING.
  3115 | D:4      | 3115 ||| FLEEEEING.
  3117 | D:4      | 3117 ||| FLEEEEING.
  3118 | D:4      | 3118 ||| FLEEEEING.
  3119 | D:4      | 3119 ||| FLEEEEING.
  3124 | D:4      | 3124 ||| FLEEEEING.
  3125 | D:4      | 3125 ||| STAIRDANCE
  3304 | D:4      | 3304 ||| Stepping ~*~*~tactically~*~*~ (outnumbered).
  3344 | D:4      | Reached skill level 8 in Ranged Weapons
  3462 | D:4      | Found a shimmering blue altar of Sif Muna.
  3513 | D:4      | 3513 ||| DROPPING amulet of magic regeneration.
  3514 | D:4      | 3514 ||| UPGRADING to ring of willpower.
  3515 | D:4      | 3515 ||| READING scroll labelled OLISOU VIGUF.
  3516 | D:4      | 3516 ||| READING scroll labelled OWUSHR UGAOF.
  3517 | D:4      | 3517 ||| READING scroll labelled CEZAWE IKHLAYG.
  3537 | D:5      | Entered Level 5 of the Dungeon
  3678 | D:5      | 3678 ||| Stepping ~*~*~tactically~*~*~ (outnumbered).
  3688 | D:5      | HP: 7/44 [orc priest/divine providence (12)]
  3689 | D:5      | 3689 ||| READING 3 scrolls of teleportation.
  3690 | D:5      | 3690 ||| DRINKING potion of heal wounds.
  3811 | D:5      | Reached XP level 8. HP: 49/49 MP: 8/8
  4029 | D:5      | 4029 ||| Stepping ~*~*~tactically~*~*~ (outnumbered).
  4030 | D:5      | 4030 ||| Stepping ~*~*~tactically~*~*~ (outnumbered).
  4031 | D:5      | 4031 ||| Stepping ~*~*~tactically~*~*~ (outnumbered).
  4055 | D:5      | Reached skill level 9 in Ranged Weapons
  4180 | D:5      | 4180 ||| RETREATING.
  4200 | D:5      | Reached skill level 6 in Fighting
  4321 | D:5      | 4321 ||| UPGRADING to +3 leather armour of willpower.
  4331 | D:5      | 4331 ||| DROPPING +0 ring mail.
  4332 | D:5      | 4332 ||| UPGRADING to +0 pair of boots.
  4337 | D:5      | 4337 ||| READING scroll labelled KIKOEM ZAOLETZ.
  4338 | D:5      | 4338 ||| READING scroll labelled IQACO RUL WOWU.
  4464 | D:6      | 4464 ||| Stepping ~*~*~tactically~*~*~ (cloud).
  4470 | D:6      | Reached skill level 10 in Ranged Weapons
  4470 | D:6      | Reached XP level 9. HP: 27/55 MP: 4/9
  4482 | D:6      | 4482 ||| FLEEEEING.
  4483 | D:6      | 4483 ||| FLEEEEING.
  4613 | D:6      | Identified the ring of Tosos {rN+ Slay+3}
  4639 | D:6      | Reached skill level 3 in Dodging
  4698 | D:6      | Found an ornate altar of the Wu Jian Council.
  5182 | D:6      | 5182 ||| UPGRADING to +0 helmet.
  5187 | D:6      | 5187 ||| UPGRADING to ring of Tosos {rN+ Slay+3}.
  5189 | D:6      | 5189 ||| DROPPING ring of resist corrosion.
  5190 | D:6      | 5190 ||| READING scroll labelled HUPNYRA HOKHEO.
  5191 | D:6      | 5191 ||| DRINKING 2 pink potions.
  5191 | D:6      | Gained mutation: You are dopey. (Int -2) [potion of
                  | mutation]
  5191 | D:6      | Gained mutation: You have large cloven feet. [potion of
                  | mutation]
  5191 | D:6      | Gained mutation: Your flesh is heat resistant. (rF+)
                  | [potion of mutation]
  5192 | D:6      | 5192 ||| DRINKING 2 silvery potions.
  5193 | D:6      | 5193 ||| READING 2 scrolls of identify.
  5193 | D:6      | 5193 ||| IDENTIFYING fuming silvery potion
  5194 | D:6      | 5194 ||| DROPPING potion of attraction.
  5339 | D:7      | 5339 ||| FLEEEEING.
  5340 | D:7      | 5340 ||| FLEEEEING.
  5341 | D:7      | 5341 ||| FLEEEEING.
  5342 | D:7      | 5342 ||| FLEEEEING.
  5343 | D:7      | 5343 ||| FLEEEEING.
  5344 | D:7      | 5344 ||| FLEEEEING.
  5345 | D:7      | 5345 ||| FLEEEEING.
  5346 | D:7      | 5346 ||| FLEEEEING.
  5347 | D:7      | 5347 ||| FLEEEEING.
  5349 | D:7      | 5349 ||| FLEEEEING.
  5350 | D:7      | 5350 ||| FLEEEEING.
  5351 | D:7      | 5351 ||| FLEEEEING.
  5352 | D:7      | 5352 ||| FLEEEEING.
  5353 | D:7      | 5353 ||| FLEEEEING.
  5354 | D:7      | 5354 ||| FLEEEEING.
  5355 | D:7      | 5355 ||| FLEEEEING.
  5356 | D:7      | 5356 ||| FLEEEEING.
  5357 | D:7      | 5357 ||| FLEEEEING.
  5358 | D:7      | 5358 ||| FLEEEEING.
  5359 | D:7      | 5359 ||| FLEEEEING.
  5360 | D:7      | 5360 ||| FLEEEEING.
  5361 | D:7      | 5361 ||| FLEEEEING.
  5362 | D:7      | 5362 ||| STAIRDANCE
  5652 | D:7      | Found a staircase to the Ecumenical Temple.
  5653 | D:7      | 5653 ||| PLANNING TEMPLE
  5653 | D:7      | 5653 ||| DROPPING scarf of invisibility.
  5660 | Temple   | Found a transporter.
  5660 | Temple   | Found a transporter.
  5660 | Temple   | Found a transporter.
  5660 | Temple   | Found a transporter.
  5660 | Temple   | Entered the Ecumenical Temple
  5661 | Temple   | 5661 ||| PLANNING D:1-11
  5669 | Temple   | 5669 ||| PLANNING OKAWARU WORSHIP
  5673 | Temple   | Became a worshipper of Warmaster Okawaru
  5674 | Temple   | 5674 ||| PLANNING D:1-11
  5674 | Temple   | 5674 ||| REMOVING amulet of guardian spirit.
  5679 | Temple   | 5679 ||| DROPPING amulet of guardian spirit.
  5898 | D:7      | 5898 ||| Stepping ~*~*~tactically~*~*~ (outnumbered).
  5900 | D:7      | 5900 ||| Stepping ~*~*~tactically~*~*~ (outnumbered).
  6248 | D:7      | 6248 ||| UPGRADING to amulet of reflection.
  6253 | D:7      | 6253 ||| READING 2 scrolls of identify.
  6253 | D:7      | 6253 ||| IDENTIFYING white potion
  6254 | D:7      | 6254 ||| DROPPING potion of ambrosia.
  6350 | D:8      | Reached skill level 11 in Ranged Weapons
  6451 | D:8      | 6451 ||| RETREATING.
  6455 | D:8      | Reached skill level 3 in Armour
  6459 | D:8      | Reached * piety under Okawaru
  6465 | D:8      | Reached skill level 1 in Invocations
  6689 | D:8      | Noticed Maurice
  6698 | D:8      | Killed Maurice
  6699 | D:8      | Reached skill level 3 in Invocations
  6699 | D:8      | Reached XP level 10. HP: 65/65 MP: 10/12
  6733 | D:8      | Found a glowing golden altar of the Shining One.
  6783 | D:8      | Noticed Psyche
  6784 | D:8      | 6784 ||| INVOKING Heroism.
  6792 | D:8      | Killed Psyche
  6843 | D:8      | 6843 ||| UPGRADING to +0 cloak.
  6848 | D:8      | 6848 ||| READING scroll labelled MOROMA BEAFO.
  6849 | D:8      | 6849 ||| READING 2 scrolls of identify.
  6849 | D:8      | 6849 ||| IDENTIFYING yellow potion
  6866 | D:9      | 6866 ||| STAIRDANCE
  6868 | D:8      | Reached ** piety under Okawaru
  6871 | D:9      | 6871 ||| STAIRDANCE
  6873 | D:8      | 6873 ||| Stepping ~*~*~tactically~*~*~ (retreating).
  6874 | D:8      | 6874 ||| Stepping ~*~*~tactically~*~*~ (retreating).
  6875 | D:8      | 6875 ||| Stepping ~*~*~tactically~*~*~ (retreating).
  6876 | D:8      | 6876 ||| Stepping ~*~*~tactically~*~*~ (retreating).
  6877 | D:8      | 6877 ||| Stepping ~*~*~tactically~*~*~ (retreating).
  6878 | D:8      | 6878 ||| INVOKING Heroism.
  6971 | D:9      | 6971 ||| STAIRDANCE
  6990 | D:9      | 6990 ||| STAIRDANCE
  7013 | D:9      | Reached skill level 12 in Ranged Weapons
  7022 | D:9      | Found Kakkau's Armour Emporium.
  7022 | D:9      | Found a staircase to the Orcish Mines.
  7095 | D:9      | Found a shadowy altar of Dithmenos.
  7095 | D:9      | Found an ancient bone altar of Kikubaaqudgha.
  7121 | D:9      | Found a staircase to the Lair.
  7227 | D:9      | Noticed a two-headed ogre
  7228 | D:9      | 7228 ||| SWAPPING to +0 orcbow.
  7229 | D:9      | 7229 ||| INVOKING Heroism.
  7242 | D:9      | Killed a two-headed ogre
  7242 | D:9      | Reached *** piety under Okawaru
  7268 | D:9      | 7268 ||| INVOKING Heroism.
  7340 | D:9      | 7340 ||| DROPPING +8 sling of freezing.
  7459 | D:9      | 7459 ||| INVOKING Heroism.
  7468 | D:9      | Reached skill level 13 in Ranged Weapons
  7603 | D:9      | Found Voduugek's Book Emporium.
  7610 | D:9      | 7610 ||| SWAPPING to +2 orcbow of freezing.
  7611 | D:9      | 7611 ||| DROPPING +0 orcbow.
  7743 | D:9      | 7743 ||| PLANNING LAIR
  7743 | D:9      | 7743 ||| DROPPING +6 ring of strength.
  7744 | D:9      | 7744 ||| UPGRADING to +6 ring of dexterity.
  7746 | D:9      | 7746 ||| UPGRADING to ring of Tosos {rN+ Slay+3}.
  7748 | D:9      | 7748 ||| DROPPING ring of willpower.
  7749 | D:9      | 7749 ||| READING 3 scrolls of identify.
  7749 | D:9      | 7749 ||| IDENTIFYING smoky coppery potion
  7750 | D:9      | 7750 ||| READING 2 scrolls of identify.
  7750 | D:9      | 7750 ||| IDENTIFYING green potion
  7751 | D:9      | 7751 ||| DROPPING potion of lignification.
  7776 | Lair:1   | Entered Level 1 of the Lair of Beasts
  7777 | Lair:1   | 7777 ||| RETREATING.
  7785 | Lair:1   | Reached XP level 11. HP: 69/69 MP: 14/14
  7796 | Lair:1   | 7796 ||| INVOKING Heroism.
  7810 | Lair:1   | Reached skill level 9 in Fighting
  7948 | Lair:1   | 7948 ||| INVOKING Heroism.
  7951 | Lair:1   | 7951 ||| RETREATING.
  8011 | Lair:1   | 8011 ||| INVOKING Heroism.
  8042 | Lair:1   | 8042 ||| READING scroll of enchant weapon.
  8042 | Lair:1   | 8042 ||| ENCHANTING +2 orcbow of freezing.
  8192 | Lair:1   | 8192 ||| INVOKING Heroism.
  8245 | Lair:1   | 8245 ||| INVOKING Heroism.
  8318 | Lair:1   | 8318 ||| INVOKING Heroism.
  8450 | Lair:1   | 8450 ||| INVOKING Heroism.
  8451 | Lair:1   | 8451 ||| RETREATING.
  8459 | Lair:1   | Reached skill level 14 in Ranged Weapons
  8603 | Lair:1   | Reached **** piety under Okawaru
  8625 | Lair:1   | 8625 ||| UPGRADING to +1 pair of boots.
  8635 | Lair:1   | 8635 ||| DROPPING +0 pair of boots.
  8636 | Lair:1   | 8636 ||| DROPPING ring of magical power.
  8676 | Lair:2   | 8676 ||| READING scroll of enchant weapon.
  8676 | Lair:2   | 8676 ||| ENCHANTING +3 orcbow of freezing.
  8710 | Lair:2   | 8710 ||| INVOKING Heroism.
  8729 | Lair:2   | 8729 ||| INVOKING Heroism.
  8817 | Lair:2   | 8817 ||| INVOKING Heroism.
  8839 | Lair:2   | Found a staircase to the Snake Pit.
  8852 | Lair:2   | 8852 ||| Stepping ~*~*~tactically~*~*~ (retreating).
  8853 | Lair:2   | 8853 ||| Stepping ~*~*~tactically~*~*~ (retreating).
  8854 | Lair:2   | 8854 ||| Stepping ~*~*~tactically~*~*~ (retreating).
  8855 | Lair:2   | 8855 ||| Stepping ~*~*~tactically~*~*~ (retreating).
  8856 | Lair:2   | 8856 ||| INVOKING Heroism.
  8967 | Lair:2   | 8967 ||| INVOKING Heroism.
  8979 | Lair:2   | Reached skill level 6 in Dodging
  9035 | Lair:2   | Noticed a swamp dragon
  9040 | Lair:2   | 9040 ||| RETREATING.
  9046 | Lair:2   | 9046 ||| INVOKING Heroism.
  9050 | Lair:2   | Killed a swamp dragon
  9051 | Lair:2   | Reached skill level 6 in Invocations
  9051 | Lair:2   | Reached XP level 12. HP: 77/77 MP: 13/16
  9088 | Lair:2   | Found a shimmering altar of Xom.
  9125 | Lair:2   | Found a staircase to the Swamp.
  9196 | Lair:2   | 9196 ||| RETREATING.
  9197 | Lair:2   | 9197 ||| Stepping ~*~*~tactically~*~*~ (retreating).
  9198 | Lair:2   | 9198 ||| Stepping ~*~*~tactically~*~*~ (retreating).
  9199 | Lair:2   | 9199 ||| Stepping ~*~*~tactically~*~*~ (retreating).
  9209 | Lair:2   | 9209 ||| INVOKING Heroism.
  9211 | Lair:2   | 9211 ||| Stepping ~*~*~tactically~*~*~ (retreating).
  9212 | Lair:2   | 9212 ||| Stepping ~*~*~tactically~*~*~ (retreating).
  9213 | Lair:2   | 9213 ||| Stepping ~*~*~tactically~*~*~ (retreating).
  9214 | Lair:2   | 9214 ||| Stepping ~*~*~tactically~*~*~ (retreating).
  9221 | Lair:2   | HP: 12/77 [elephant (9)]
  9222 | Lair:2   | 9222 ||| READING 6 scrolls of teleportation.
  9223 | Lair:2   | 9223 ||| DRINKING potion of heal wounds.
  9227 | Lair:2   | HP: 17/77 [elephant (4)]
  9532 | Lair:2   | Reached ***** piety under Okawaru
  9807 | Lair:2   | 9807 ||| READING 4 scrolls of identify.
  9807 | Lair:2   | 9807 ||| IDENTIFYING red potion
  9808 | Lair:2   | 9808 ||| READING 3 scrolls of identify.
  9808 | Lair:2   | 9808 ||| IDENTIFYING purple potion
  9927 | Lair:3   | 9927 ||| RETREATING.
  9953 | Lair:3   | 9953 ||| FLEEEEING.
  9954 | Lair:3   | 9954 ||| FLEEEEING.
  9955 | Lair:3   | 9955 ||| FLEEEEING.
  9956 | Lair:3   | 9956 ||| FLEEEEING.
  9957 | Lair:3   | 9957 ||| FLEEEEING.
  9958 | Lair:3   | 9958 ||| FLEEEEING.
  9961 | Lair:3   | Received a gift from Okawaru
  9961 | Lair:3   | Found the +18 Lear's hauberk
  9989 | Lair:3   | Noticed Sonja
  9990 | Lair:3   | 9990 ||| INVOKING Finesse.
  9992 | Lair:3   | Killed Sonja
 10070 | Lair:3   | 10070 ||| Stepping ~*~*~tactically~*~*~ (retreating).
 10071 | Lair:3   | 10071 ||| Stepping ~*~*~tactically~*~*~ (retreating).
 10073 | Lair:3   | 10073 ||| Stepping ~*~*~tactically~*~*~ (retreating).
 10074 | Lair:3   | 10074 ||| Stepping ~*~*~tactically~*~*~ (retreating).
 10075 | Lair:3   | 10075 ||| Stepping ~*~*~tactically~*~*~ (retreating).
 10076 | Lair:3   | 10076 ||| RETREATING.
 10077 | Lair:3   | 10077 ||| FLEEEEING.
 10078 | Lair:3   | 10078 ||| FLEEEEING.
 10082 | Lair:3   | 10082 ||| FLEEEEING.
 10083 | Lair:3   | 10083 ||| FLEEEEING.
 10084 | Lair:3   | 10084 ||| FLEEEEING.
 10085 | Lair:3   | 10085 ||| FLEEEEING.
 10087 | Lair:3   | 10087 ||| STAIRDANCE
 10120 | Lair:3   | Reached skill level 15 in Ranged Weapons
 10124 | Lair:3   | 10124 ||| FLEEEEING.
 10125 | Lair:3   | 10125 ||| FLEEEEING.
 10126 | Lair:3   | 10126 ||| STAIRDANCE
 10194 | Lair:3   | 10194 ||| STAIRDANCE
 10235 | Lair:3   | 10235 ||| STAIRDANCE
 10244 | Lair:2   | Reached skill level 9 in Invocations
 10302 | Lair:3   | Noticed Fannar
 10312 | Lair:3   | Killed Fannar
 10327 | Lair:3   | 10327 ||| RETREATING.
 10419 | Lair:3   | You fall into a shaft and drop 2 floors!
 10419 | Lair:5   | Entered Level 5 of the Lair of Beasts
 10420 | Lair:5   | 10420 ||| Stepping ~*~*~tactically~*~*~ (retreating).
 10421 | Lair:5   | 10421 ||| RETREATING.
 10422 | Lair:5   | 10422 ||| INVOKING Heroism.
 10448 | Lair:5   | 10448 ||| INVOKING Heroism.
 10452 | Lair:5   | HP: 17/77 [basilisk (6)]
 10453 | Lair:5   | Reached XP level 13. HP: 18/82 MP: 17/20
 10453 | Lair:5   | 10453 ||| READING 5 scrolls of teleportation.
 10525 | Lair:5   | 10525 ||| INVOKING Heroism.
 10682 | Lair:5   | 10682 ||| RETREATING.
 10691 | Lair:5   | 10691 ||| Stepping ~*~*~tactically~*~*~ (retreating).
 10692 | Lair:5   | 10692 ||| Stepping ~*~*~tactically~*~*~ (retreating).
 10762 | Lair:5   | 10762 ||| INVOKING Heroism.
 10815 | Lair:5   | 10815 ||| INVOKING Heroism.
 10817 | Lair:5   | Reached skill level 16 in Ranged Weapons
 10921 | Lair:5   | 10921 ||| INVOKING Heroism.
 11094 | Lair:5   | Found a corrupted altar of Lugonu.
 11094 | Lair:5   | Found a one-way gate to the infinite horrors of the Abyss.
 11185 | Lair:5   | Found a hide-covered altar of Uskayaw.
 11218 | Lair:5   | 11218 ||| INVOKING Heroism.
 11256 | Lair:5   | 11256 ||| DROPPING ring of ice.
 11257 | Lair:5   | 11257 ||| READING scroll labelled TOJESO TUSOUGA.
 11334 | Lair:4   | 11334 ||| INVOKING Heroism.
 11353 | Lair:4   | 11353 ||| Stepping ~*~*~tactically~*~*~ (retreating).
 11403 | Lair:4   | Noticed Nessos
 11404 | Lair:4   | 11404 ||| INVOKING Finesse.
 11408 | Lair:4   | 11408 ||| RETREATING.
 11414 | Lair:4   | 11414 ||| INVOKING Heroism.
 11418 | Lair:4   | Killed Nessos
 11471 | Lair:4   | 11471 ||| INVOKING Heroism.
 11488 | Lair:4   | Reached skill level 12 in Fighting
 11598 | Lair:4   | 11598 ||| SWAPPING to +1 longbow of flaming.
 11599 | Lair:4   | 11599 ||| DROPPING +4 orcbow of freezing.
 11616 | Lair:4   | 11616 ||| INVOKING Heroism.
 11723 | Lair:4   | Found a staircase to the Slime Pits.
 11724 | Lair:4   | 11724 ||| INVOKING Heroism.
 11984 | Lair:4   | 11984 ||| INVOKING Heroism.
 12425 | Lair:4   | 12425 ||| STAIRDANCE
 12431 | Lair:3   | 12431 ||| INVOKING Heroism.
 12441 | Lair:3   | Received a gift from Okawaru
 12581 | Lair:4   | 12581 ||| STAIRDANCE
 12583 | Lair:3   | 12583 ||| Stepping ~*~*~tactically~*~*~ (retreating).
 12584 | Lair:3   | 12584 ||| Stepping ~*~*~tactically~*~*~ (retreating).
 12585 | Lair:3   | 12585 ||| INVOKING Heroism.
 12780 | Lair:4   | 12780 ||| STAIRDANCE
 12863 | Lair:4   | 12863 ||| RETREATING.
 12865 | Lair:4   | 12865 ||| RETREATING.
 12867 | Lair:4   | Reached skill level 17 in Ranged Weapons
 12868 | Lair:4   | 12868 ||| Stepping ~*~*~tactically~*~*~ (retreating).
 12873 | Lair:4   | Gained mutation: Your large and strong wings let you fly.
                  | [Gargoyle growth]
 12873 | Lair:4   | Reached XP level 14. HP: 85/92 MP: 21/21
 13077 | Lair:4   | 13077 ||| READING scroll of enchant weapon.
 13077 | Lair:4   | 13077 ||| ENCHANTING +1 longbow of flaming.
 13270 | Lair:4   | 13270 ||| UPGRADING to +1 pair of gloves.
 13280 | Lair:4   | 13280 ||| DROPPING +0 pair of gloves.
 13312 | Lair:5   | 13312 ||| FLEEEEING.
 13325 | Lair:5   | 13325 ||| FLEEEEING.
 13326 | Lair:5   | 13326 ||| FLEEEEING.
 13327 | Lair:5   | 13327 ||| FLEEEEING.
 13328 | Lair:5   | 13328 ||| FLEEEEING.
 13329 | Lair:5   | 13329 ||| FLEEEEING.
 13330 | Lair:5   | 13330 ||| FLEEEEING.
 13331 | Lair:5   | 13331 ||| FLEEEEING.
 13332 | Lair:5   | 13332 ||| FLEEEEING.
 13333 | Lair:5   | 13333 ||| FLEEEEING.
 13334 | Lair:5   | 13334 ||| FLEEEEING.
 13335 | Lair:5   | 13335 ||| STAIRDANCE
 13341 | Lair:5   | 13341 ||| STAIRDANCE
 13368 | Lair:5   | 13368 ||| INVOKING Heroism.
 13436 | Lair:5   | 13436 ||| INVOKING Heroism.
 13679 | Lair:5   | 13679 ||| READING scroll of brand weapon.
 13679 | Lair:5   | 13679 ||| BRANDING +2 longbow of flaming.
 13712 | Lair:5   | Identified the ring "Siskuyle" {rF+ Dex+2}
 13854 | Lair:5   | 13854 ||| PLANNING D:1-11
 13854 | Lair:5   | 13854 ||| DROPPING ring of fire.
 13855 | Lair:5   | 13855 ||| UPGRADING to ring "Siskuyle" {rF+ Dex+2}.
 13940 | D:10     | Entered Level 10 of the Dungeon
 13951 | D:10     | Found a runed translucent door.
 13952 | D:10     | 13952 ||| Stepping ~*~*~tactically~*~*~ (outnumbered).
 13960 | D:10     | 13960 ||| Stepping ~*~*~tactically~*~*~ (outnumbered).
 13963 | D:10     | 13963 ||| Stepping ~*~*~tactically~*~*~ (outnumbered).
 13965 | D:10     | 13965 ||| Stepping ~*~*~tactically~*~*~ (outnumbered).
 13969 | D:10     | 13969 ||| Stepping ~*~*~tactically~*~*~ (outnumbered).
 13995 | D:10     | Noticed qw's ghost (novice GrHu)
 14055 | D:10     | 14055 ||| RETREATING.
 14061 | D:10     | 14061 ||| RETREATING.
 14062 | D:10     | 14062 ||| INVOKING Heroism.
 14071 | D:10     | 14071 ||| Stepping ~*~*~tactically~*~*~ (outnumbered).
 14183 | D:10     | 14183 ||| INVOKING Heroism.
 14358 | D:10     | 14358 ||| Stepping ~*~*~tactically~*~*~ (outnumbered).
 14476 | D:10     | 14476 ||| READING 2 scrolls of enchant weapon.
 14476 | D:10     | 14476 ||| ENCHANTING +2 heavy longbow.
 14477 | D:10     | 14477 ||| READING scroll of enchant weapon.
 14477 | D:10     | 14477 ||| ENCHANTING +3 heavy longbow.
 14493 | D:10     | 14493 ||| Stepping randomly (disturbance).
 14494 | D:10     | 14494 ||| Stepping randomly (disturbance).
 14495 | D:10     | 14495 ||| Stepping randomly (disturbance).
 14521 | D:10     | 14521 ||| DROPPING +2 robe of cold resistance.
 14573 | D:11     | Found a runed translucent gate.
 14573 | D:11     | Found a runed translucent gate.
 14573 | D:11     | Found a runed translucent gate.
 14575 | D:11     | Noticed Guaramm's ghost (journeyman KoBr)
 14626 | D:11     | 14626 ||| Stepping ~*~*~tactically~*~*~ (outnumbered).
 14628 | D:11     | 14628 ||| Stepping ~*~*~tactically~*~*~ (outnumbered).
 14630 | D:11     | 14630 ||| Stepping ~*~*~tactically~*~*~ (outnumbered).
 14666 | D:11     | You are sucked into a shaft and drop 3 floors!
 14677 | D:14     | Reached skill level 18 in Ranged Weapons
 14680 | D:14     | Received a gift from Okawaru
 14695 | D:14     | Reached skill level 6 in Armour
 14825 | D:13     | 14825 ||| RETREATING.
 14825 | D:13     | Found a gate to the Vaults.
 15138 | D:11     | 15138 ||| Stepping ~*~*~tactically~*~*~ (outnumbered).
 15633 | D:11     | 15633 ||| PLANNING D
 15678 | D:12     | 15678 ||| INVOKING Heroism.
 15869 | D:12     | 15869 ||| INVOKING Heroism.
 15871 | D:12     | 15871 ||| INVOKING Finesse.
 15926 | D:12     | Found a runed translucent gate.
 15927 | D:12     | Found a runed translucent gate.
 15928 | D:12     | Found a runed translucent gate.
 15931 | D:12     | Noticed qw's ghost (journeyman GrHu)
 15941 | D:12     | Noticed Nergalle
 15945 | D:12     | Killed Nergalle
 16456 | D:13     | Reached skill level 19 in Ranged Weapons
 16596 | D:13     | 16596 ||| INVOKING Heroism.
 16634 | D:13     | 16634 ||| Stepping ~*~*~tactically~*~*~ (outnumbered).
 16725 | D:13     | Reached XP level 15. HP: 75/96 MP: 22/22
 16981 | D:14     | 16981 ||| INVOKING Heroism.
 16993 | D:14     | 16993 ||| Stepping ~*~*~tactically~*~*~ (retreating).
 16994 | D:14     | 16994 ||| Stepping ~*~*~tactically~*~*~ (retreating).
 16995 | D:14     | 16995 ||| Stepping ~*~*~tactically~*~*~ (retreating).
 17002 | D:14     | Reached skill level 9 in Dodging
 17003 | D:14     | 17003 ||| INVOKING Heroism.
 17054 | D:14     | 17054 ||| INVOKING Heroism.
 17441 | D:15     | Entered Level 15 of the Dungeon
 17442 | D:15     | 17442 ||| STAIRDANCE
 17444 | D:14     | 17444 ||| INVOKING Heroism.
 17445 | D:14     | Paralysed by an ogre mage for 3 turns
 17481 | D:15     | 17481 ||| STAIRDANCE
 17483 | D:14     | 17483 ||| INVOKING Heroism.
 17487 | D:14     | 17487 ||| Stepping ~*~*~tactically~*~*~ (retreating).
 17488 | D:14     | 17488 ||| Stepping ~*~*~tactically~*~*~ (retreating).
 17489 | D:14     | 17489 ||| Stepping ~*~*~tactically~*~*~ (retreating).
 17490 | D:14     | 17490 ||| RETREATING.
 17594 | D:15     | 17594 ||| STAIRDANCE
 17600 | D:15     | 17600 ||| STAIRDANCE
 17633 | D:15     | 17633 ||| RETREATING.
 17639 | D:15     | 17639 ||| INVOKING Heroism.
 17644 | D:15     | Identified the +1 ring mail "Nesidd" {rPois Str+5 Int-2
                  | SInv} (Okawaru gifted it to you on level 15 of the Dungeon)
 17644 | D:15     | Received a gift from Okawaru
 17662 | D:15     | Found a staircase to the Depths.
 17740 | D:15     | 17740 ||| Stepping ~*~*~tactically~*~*~ (outnumbered).
 17744 | D:15     | 17744 ||| Stepping ~*~*~tactically~*~*~ (outnumbered).
 17746 | D:15     | 17746 ||| Stepping ~*~*~tactically~*~*~ (outnumbered).
 17748 | D:15     | 17748 ||| Stepping ~*~*~tactically~*~*~ (outnumbered).
 17753 | D:15     | 17753 ||| Stepping ~*~*~tactically~*~*~ (outnumbered).
 17755 | D:15     | 17755 ||| Stepping ~*~*~tactically~*~*~ (outnumbered).
 17766 | D:15     | Noticed Kirke
 17767 | D:15     | 17767 ||| INVOKING Heroism.
 17768 | D:15     | 17768 ||| RETREATING.
 17777 | D:15     | 17777 ||| INVOKING Finesse.
 17778 | D:15     | 17778 ||| INVOKING Finesse.
 17787 | D:15     | Killed Kirke
 17788 | D:15     | Reached skill level 20 in Ranged Weapons
 17857 | D:15     | 17857 ||| READING scroll of enchant armour.
 17857 | D:15     | 17857 ||| ENCHANTING +1 pair of gloves.
 18148 | D:15     | Found a hide-covered altar of Uskayaw.
 18180 | D:15     | 18180 ||| PLANNING ORC
 18180 | D:15     | 18180 ||| UPGRADING to +1 ring mail "Nesidd" {rPois Str+5
                  | Int-2 SInv}.
 18190 | D:15     | 18190 ||| READING 5 scrolls of identify.
 18190 | D:15     | 18190 ||| IDENTIFYING bubbling blue potion
 18191 | D:15     | 18191 ||| DROPPING potion of berserk rage.
 18293 | Orc:1    | Entered Level 1 of the Orcish Mines
 18299 | Orc:1    | 18299 ||| INVOKING Heroism.
 18389 | Orc:1    | 18389 ||| Stepping ~*~*~tactically~*~*~ (outnumbered).
 18577 | Orc:2    | Entered Level 2 of the Orcish Mines
 18590 | Orc:2    | 18590 ||| Stepping ~*~*~tactically~*~*~ (outnumbered).
 18591 | Orc:2    | 18591 ||| Stepping ~*~*~tactically~*~*~ (outnumbered).
 18605 | Orc:2    | 18605 ||| INVOKING Heroism.
 18608 | Orc:2    | 18608 ||| Stepping ~*~*~tactically~*~*~ (outnumbered).
 18609 | Orc:2    | 18609 ||| Stepping ~*~*~tactically~*~*~ (outnumbered).
 18610 | Orc:2    | 18610 ||| Stepping ~*~*~tactically~*~*~ (outnumbered).
 18616 | Orc:2    | 18616 ||| Stepping ~*~*~tactically~*~*~ (retreating).
 18662 | Orc:2    | 18662 ||| INVOKING Heroism.
 18693 | Orc:2    | 18693 ||| Stepping ~*~*~tactically~*~*~ (outnumbered).
 18694 | Orc:2    | 18694 ||| Stepping ~*~*~tactically~*~*~ (outnumbered).
 18695 | Orc:2    | 18695 ||| Stepping ~*~*~tactically~*~*~ (outnumbered).
 18696 | Orc:2    | 18696 ||| Stepping ~*~*~tactically~*~*~ (outnumbered).
 18697 | Orc:2    | 18697 ||| Stepping ~*~*~tactically~*~*~ (outnumbered).
 18698 | Orc:2    | 18698 ||| Stepping ~*~*~tactically~*~*~ (outnumbered).
 18699 | Orc:2    | 18699 ||| Stepping ~*~*~tactically~*~*~ (outnumbered).
 18700 | Orc:2    | 18700 ||| Stepping ~*~*~tactically~*~*~ (outnumbered).
 18701 | Orc:2    | 18701 ||| Stepping ~*~*~tactically~*~*~ (outnumbered).
 18703 | Orc:2    | 18703 ||| RETREATING.
 18706 | Orc:2    | 18706 ||| Stepping ~*~*~tactically~*~*~ (retreating).
 18707 | Orc:2    | 18707 ||| Stepping ~*~*~tactically~*~*~ (retreating).
 18708 | Orc:2    | 18708 ||| Stepping ~*~*~tactically~*~*~ (retreating).
 18709 | Orc:2    | 18709 ||| Stepping ~*~*~tactically~*~*~ (retreating).
 18710 | Orc:2    | 18710 ||| Stepping ~*~*~tactically~*~*~ (retreating).
 18711 | Orc:2    | 18711 ||| Stepping ~*~*~tactically~*~*~ (retreating).
 18712 | Orc:2    | 18712 ||| INVOKING Heroism.
 18715 | Orc:2    | 18715 ||| Stepping ~*~*~tactically~*~*~ (retreating).
 18947 | Orc:2    | 18947 ||| INVOKING Heroism.
 18954 | Orc:2    | Paralysed by an orc sorcerer for 5 turns
 18979 | Orc:2    | 18979 ||| RETREATING.
 18983 | Orc:2    | 18983 ||| RETREATING.
 18985 | Orc:2    | 18985 ||| Stepping ~*~*~tactically~*~*~ (retreating).
 18995 | Orc:2    | 18995 ||| INVOKING Heroism.
 19092 | Orc:2    | 19092 ||| RETREATING.
 19095 | Orc:2    | 19095 ||| RETREATING.
 19099 | Orc:2    | 19099 ||| INVOKING Heroism.
 19108 | Orc:2    | Reached skill level 9 in Armour
 19226 | Orc:2    | 19226 ||| INVOKING Heroism.
 19237 | Orc:2    | Found Casigaug's Magic Scroll Boutique.
 19237 | Orc:2    | Found Beseypluqa's Magic Scroll Emporium.
 19239 | Orc:2    | Found Zuidgh's Jewellery Emporium.
 19239 | Orc:2    | Found Sust's Jewellery Boutique.
 19245 | Orc:2    | 19245 ||| BUYING scroll of enchant weapon (105 gold).
 19245 | Orc:2    | Bought a scroll of enchant weapon for 105 gold pieces
 19245 | Orc:2    | 19245 ||| BUYING scroll of identify (28 gold).
 19245 | Orc:2    | Bought a scroll of identify for 28 gold pieces
 19245 | Orc:2    | 19245 ||| BUYING scroll of teleportation (42 gold).
 19245 | Orc:2    | Bought a scroll of teleportation for 42 gold pieces
 19245 | Orc:2    | 19245 ||| BUYING scroll of teleportation (42 gold).
 19245 | Orc:2    | Bought a scroll of teleportation for 42 gold pieces
 19245 | Orc:2    | 19245 ||| READING scroll of enchant weapon.
 19245 | Orc:2    | 19245 ||| ENCHANTING +4 heavy longbow.
 19249 | Orc:2    | 19249 ||| BUYING +5 ring of evasion (576 gold).
 19249 | Orc:2    | Bought a +5 ring of evasion for 576 gold pieces
 19252 | Orc:2    | 19252 ||| BUYING scroll of brand weapon (114 gold).
 19252 | Orc:2    | Bought a scroll of brand weapon for 114 gold pieces
 19252 | Orc:2    | 19252 ||| BUYING scroll of enchant armour (90 gold).
 19252 | Orc:2    | Bought a scroll of enchant armour for 90 gold pieces
 19252 | Orc:2    | 19252 ||| BUYING scroll of enchant armour (90 gold).
 19252 | Orc:2    | Bought a scroll of enchant armour for 90 gold pieces
 19252 | Orc:2    | 19252 ||| BUYING scroll of identify (24 gold).
 19252 | Orc:2    | Bought a scroll of identify for 24 gold pieces
 19252 | Orc:2    | 19252 ||| BUYING scroll of identify (24 gold).
 19252 | Orc:2    | Bought a scroll of identify for 24 gold pieces
 19252 | Orc:2    | 19252 ||| BUYING scroll of identify (24 gold).
 19252 | Orc:2    | Bought a scroll of identify for 24 gold pieces
 19252 | Orc:2    | 19252 ||| BUYING scroll of teleportation (36 gold).
 19252 | Orc:2    | Bought a scroll of teleportation for 36 gold pieces
 19252 | Orc:2    | 19252 ||| BUYING scroll of teleportation (36 gold).
 19252 | Orc:2    | Bought a scroll of teleportation for 36 gold pieces
 19252 | Orc:2    | 19252 ||| READING 2 scrolls of enchant armour.
 19252 | Orc:2    | 19252 ||| ENCHANTING +0 helmet.
 19253 | Orc:2    | 19253 ||| READING scroll of enchant armour.
 19253 | Orc:2    | 19253 ||| ENCHANTING +1 helmet.
 19373 | Orc:2    | Found a staircase to the Elven Halls.
 19398 | Orc:2    | 19398 ||| UPGRADING to +5 ring of evasion.
 19400 | Orc:2    | 19400 ||| DROPPING ring of Tosos {rN+ Slay+3}.
 19497 | Orc:2    | Reached XP level 16. HP: 104/104 MP: 23/23
 19502 | Orc:2    | 19502 ||| DRINKING 4 potions of curing.
 19502 | Orc:2    | 19502 ||| (to cure confusion)
 19511 | Orc:2    | 19511 ||| INVOKING Heroism.
 19735 | Orc:2    | 19735 ||| PLANNING SNAKE:1-3
 19816 | Snake:1  | Entered Level 1 of the Snake Pit
 19952 | Snake:1  | 19952 ||| RETREATING.
 20407 | Snake:1  | 20407 ||| READING 8 scrolls of identify.
 20407 | Snake:1  | 20407 ||| IDENTIFYING fuming amethyst potion
 20501 | Snake:2  | 20501 ||| RETREATING.
 20590 | Snake:2  | 20590 ||| RETREATING.
 20708 | Snake:2  | 20708 ||| Stepping ~*~*~tactically~*~*~ (outnumbered).
 20713 | Snake:2  | Reached skill level 15 in Fighting
 21129 | Snake:2  | 21129 ||| Stepping ~*~*~tactically~*~*~ (outnumbered).
 21131 | Snake:2  | 21131 ||| Stepping ~*~*~tactically~*~*~ (outnumbered).
 21133 | Snake:2  | 21133 ||| RETREATING.
 21135 | Snake:2  | 21135 ||| Stepping ~*~*~tactically~*~*~ (outnumbered).
 21136 | Snake:2  | 21136 ||| Stepping ~*~*~tactically~*~*~ (outnumbered).
 21346 | Snake:3  | 21346 ||| RETREATING.
 21347 | Snake:3  | 21347 ||| Stepping ~*~*~tactically~*~*~ (outnumbered).
 21348 | Snake:3  | 21348 ||| RETREATING.
 21349 | Snake:3  | 21349 ||| Stepping ~*~*~tactically~*~*~ (outnumbered).
 21350 | Snake:3  | 21350 ||| RETREATING.
 21351 | Snake:3  | 21351 ||| INVOKING Heroism.
 21358 | Snake:3  | HP: 12/108 [naga warrior/+0 trident (30)]
 21358 | Snake:3  | HP: 4/108 [naga warrior/+0 trident (8)]
 21359 | Snake:3  | 21359 ||| READING 14 scrolls of teleportation.
 21360 | Snake:3  | 21360 ||| DRINKING 7 potions of heal wounds.
 21361 | Snake:3  | 21361 ||| DRINKING 6 potions of heal wounds.
 21362 | Snake:3  | 21362 ||| DRINKING 5 potions of heal wounds.
 21365 | Snake:3  | Received a gift from Okawaru
 21526 | Snake:3  | 21526 ||| SWAPPING to +0 triple crossbow of flaming.
 21527 | Snake:3  | 21527 ||| DROPPING +5 heavy longbow.
 21528 | Snake:3  | 21528 ||| READING 2 scrolls of brand weapon.
 21528 | Snake:3  | 21528 ||| BRANDING +0 triple crossbow of flaming.
 21529 | Snake:3  | 21529 ||| READING scroll of brand weapon.
 21529 | Snake:3  | 21529 ||| BRANDING +0 triple crossbow of draining.
 21538 | Snake:3  | 21538 ||| Stepping ~*~*~tactically~*~*~ (outnumbered).
 21548 | Snake:3  | Identified the +0 sling of Purpose {heavy, Drain +Blink
                  | Str+3 Stlth+}
 21551 | Snake:3  | 21551 ||| Stepping ~*~*~tactically~*~*~ (outnumbered).
 21553 | Snake:3  | 21553 ||| Stepping ~*~*~tactically~*~*~ (outnumbered).
 21554 | Snake:3  | 21554 ||| RETREATING.
 21555 | Snake:3  | 21555 ||| Stepping ~*~*~tactically~*~*~ (outnumbered).
 21562 | Snake:3  | 21562 ||| Stepping ~*~*~tactically~*~*~ (outnumbered).
 21567 | Snake:3  | 21567 ||| Stepping ~*~*~tactically~*~*~ (retreating).
 21568 | Snake:3  | 21568 ||| Stepping ~*~*~tactically~*~*~ (retreating).
 21570 | Snake:3  | 21570 ||| Stepping ~*~*~tactically~*~*~ (outnumbered).
 21599 | Snake:3  | 21599 ||| Stepping ~*~*~tactically~*~*~ (outnumbered).
 21601 | Snake:3  | 21601 ||| Stepping ~*~*~tactically~*~*~ (outnumbered).
 21603 | Snake:3  | 21603 ||| Stepping ~*~*~tactically~*~*~ (outnumbered).
 21605 | Snake:3  | 21605 ||| Stepping ~*~*~tactically~*~*~ (outnumbered).
 21608 | Snake:3  | 21608 ||| Stepping ~*~*~tactically~*~*~ (outnumbered).
 21638 | Snake:3  | 21638 ||| INVOKING Heroism.
 21690 | Snake:3  | 21690 ||| Stepping ~*~*~tactically~*~*~ (outnumbered).
 21692 | Snake:3  | 21692 ||| Stepping ~*~*~tactically~*~*~ (outnumbered).
 21696 | Snake:3  | 21696 ||| RETREATING.
 21699 | Snake:3  | 21699 ||| Stepping ~*~*~tactically~*~*~ (outnumbered).
 21700 | Snake:3  | 21700 ||| INVOKING Heroism.
 21727 | Snake:3  | Identified the +6 war axe of Zin's Benevolence {heavy, rN+
                  | Will+ rCorr Dex-5}
 21780 | Snake:3  | 21780 ||| INVOKING Heroism.
 21906 | Snake:3  | Found Diyveomm's Overcharged Wands.
 21912 | Snake:3  | 21912 ||| BUYING wand of digging (11) (693 gold).
 21912 | Snake:3  | Bought a wand of digging (11) for 693 gold pieces
 21912 | Snake:3  | 21912 ||| BUYING wand of digging (11) (693 gold).
 21912 | Snake:3  | Bought a wand of digging (11) for 693 gold pieces
 21912 | Snake:3  | 21912 ||| SHOPLISTING wand of digging (11) (693 gold, have
                  | 139).
 22115 | Snake:3  | 22115 ||| RETREATING.
 22116 | Snake:3  | 22116 ||| Stepping ~*~*~tactically~*~*~ (outnumbered).
 22118 | Snake:3  | 22118 ||| Stepping ~*~*~tactically~*~*~ (outnumbered).
 22122 | Snake:3  | 22122 ||| INVOKING Heroism.
 22125 | Snake:3  | 22125 ||| Stepping ~*~*~tactically~*~*~ (retreating).
 22126 | Snake:3  | 22126 ||| Stepping ~*~*~tactically~*~*~ (retreating).
 22128 | Snake:3  | 22128 ||| Stepping ~*~*~tactically~*~*~ (retreating).
 22129 | Snake:3  | 22129 ||| Stepping ~*~*~tactically~*~*~ (retreating).
 22130 | Snake:3  | 22130 ||| Stepping ~*~*~tactically~*~*~ (retreating).
 22131 | Snake:3  | 22131 ||| Stepping ~*~*~tactically~*~*~ (retreating).
 22132 | Snake:3  | 22132 ||| Stepping ~*~*~tactically~*~*~ (retreating).
 22133 | Snake:3  | 22133 ||| Stepping ~*~*~tactically~*~*~ (retreating).
 22134 | Snake:3  | 22134 ||| Stepping ~*~*~tactically~*~*~ (retreating).
 22142 | Snake:3  | HP: 5/108 [suicidal targeting (51)]
 22143 | Snake:3  | 22143 ||| READING 13 scrolls of teleportation.
 22144 | Snake:3  | 22144 ||| DRINKING 4 potions of heal wounds.
 22145 | Snake:3  | 22145 ||| DRINKING 3 potions of heal wounds.
 22148 | Snake:3  | 22148 ||| Stepping ~*~*~tactically~*~*~ (retreating).
 22149 | Snake:3  | 22149 ||| Stepping ~*~*~tactically~*~*~ (retreating).
 22150 | Snake:3  | 22150 ||| Stepping ~*~*~tactically~*~*~ (retreating).
 22151 | Snake:3  | 22151 ||| Stepping ~*~*~tactically~*~*~ (retreating).
 22152 | Snake:3  | 22152 ||| Stepping ~*~*~tactically~*~*~ (retreating).
 22153 | Snake:3  | 22153 ||| Stepping ~*~*~tactically~*~*~ (outnumbered).
 22155 | Snake:3  | 22155 ||| Stepping ~*~*~tactically~*~*~ (retreating).
 22156 | Snake:3  | 22156 ||| Stepping ~*~*~tactically~*~*~ (retreating).
 22157 | Snake:3  | 22157 ||| Stepping ~*~*~tactically~*~*~ (retreating).
 22158 | Snake:3  | 22158 ||| Stepping ~*~*~tactically~*~*~ (retreating).
 22159 | Snake:3  | 22159 ||| Stepping ~*~*~tactically~*~*~ (retreating).
 22163 | Snake:3  | 22163 ||| Stepping ~*~*~tactically~*~*~ (outnumbered).
 22164 | Snake:3  | 22164 ||| INVOKING Heroism.
 22168 | Snake:3  | Received a gift from Okawaru
 22251 | Snake:3  | 22251 ||| INVOKING Heroism.
 22355 | Snake:3  | 22355 ||| READING scroll of enchant weapon.
 22355 | Snake:3  | 22355 ||| ENCHANTING +0 heavy triple crossbow.
 22450 | Snake:3  | Reached skill level 21 in Ranged Weapons
 22555 | Snake:3  | Noticed a nagaraja
 22556 | Snake:3  | 22556 ||| INVOKING Heroism.
 22559 | Snake:3  | Killed a nagaraja
 23128 | Snake:3  | 23128 ||| PLANNING SWAMP:1-3
 23128 | Snake:3  | 23128 ||| READING scroll labelled AWKULO GIUGHA.
 23221 | Swamp:1  | Entered Level 1 of the Swamp
 23522 | Swamp:1  | 23522 ||| INVOKING Heroism.
 23525 | Swamp:1  | 23525 ||| RETREATING.
 23528 | Swamp:1  | Reached XP level 17. HP: 103/113 MP: 22/24
 23528 | Swamp:1  | 23528 ||| Stepping ~*~*~tactically~*~*~ (outnumbered).
 23847 | Swamp:2  | 23847 ||| INVOKING Heroism.
 23889 | Swamp:2  | 23889 ||| Stepping ~*~*~tactically~*~*~ (retreating).
 23892 | Swamp:2  | 23892 ||| INVOKING Heroism.
 23896 | Swamp:2  | HP: 25/113 [vampire mosquito (4)]
 23897 | Swamp:2  | 23897 ||| READING 13 scrolls of teleportation.
 23898 | Swamp:2  | 23898 ||| DRINKING 2 potions of heal wounds.
 23901 | Swamp:2  | Identified the orb of Amorality {light, Int+5} (Okawaru
                  | gifted it to you on level 2 of the Swamp)
 23901 | Swamp:2  | Received a gift from Okawaru
 23930 | Swamp:2  | 23930 ||| INVOKING Heroism.
 23937 | Swamp:2  | Reached skill level 22 in Ranged Weapons
 23972 | Swamp:2  | 23972 ||| INVOKING Heroism.
 24121 | Swamp:2  | 24121 ||| INVOKING Heroism.
 24386 | Swamp:3  | 24386 ||| STAIRDANCE
 24418 | Swamp:3  | 24418 ||| RETREATING.
 24420 | Swamp:3  | 24420 ||| INVOKING Heroism.
 24422 | Swamp:3  | 24422 ||| Stepping ~*~*~tactically~*~*~ (retreating).
 24430 | Swamp:3  | HP: 27/113 [spriggan rider/+0 spear (5)]
 24431 | Swamp:3  | 24431 ||| READING 12 scrolls of teleportation.
 24432 | Swamp:3  | 24432 ||| DRINKING potion of heal wounds.
 24459 | Swamp:3  | 24459 ||| INVOKING Heroism.
 24489 | Swamp:3  | 24489 ||| INVOKING Heroism.
 24557 | Swamp:3  | 24557 ||| INVOKING Heroism.
 24620 | Swamp:3  | Noticed Roxanne
 24621 | Swamp:3  | 24621 ||| INVOKING Heroism.
 24626 | Swamp:3  | Killed Roxanne
 24671 | Swamp:3  | 24671 ||| INVOKING Heroism.
 24672 | Swamp:3  | 24672 ||| Stepping ~*~*~tactically~*~*~ (outnumbered).
 24850 | Swamp:3  | Found a stormy altar of Qazlal.
 24979 | Swamp:3  | 24979 ||| PLANNING SNAKE:4
 25092 | Snake:4  | Entered Level 4 of the Snake Pit
 25173 | Snake:4  | 25173 ||| Stepping ~*~*~tactically~*~*~ (outnumbered).
 25174 | Snake:4  | 25174 ||| Stepping ~*~*~tactically~*~*~ (outnumbered).
 25194 | Snake:4  | 25194 ||| Stepping ~*~*~tactically~*~*~ (outnumbered).
 25196 | Snake:4  | 25196 ||| Stepping ~*~*~tactically~*~*~ (outnumbered).
 25200 | Snake:4  | 25200 ||| Stepping ~*~*~tactically~*~*~ (outnumbered).
 25202 | Snake:4  | 25202 ||| Stepping ~*~*~tactically~*~*~ (outnumbered).
 25204 | Snake:4  | 25204 ||| Stepping ~*~*~tactically~*~*~ (outnumbered).
 25206 | Snake:4  | 25206 ||| Stepping ~*~*~tactically~*~*~ (outnumbered).
 25222 | Snake:4  | 25222 ||| RETREATING.
 25226 | Snake:4  | 25226 ||| Stepping ~*~*~tactically~*~*~ (retreating).
 25334 | Snake:4  | 25334 ||| INVOKING Heroism.
 25401 | Snake:4  | 25401 ||| Stepping ~*~*~tactically~*~*~ (outnumbered).
 25402 | Snake:4  | 25402 ||| INVOKING Heroism.
 25404 | Snake:4  | 25404 ||| Stepping ~*~*~tactically~*~*~ (retreating).
 25406 | Snake:4  | 25406 ||| Stepping ~*~*~tactically~*~*~ (retreating).
 25407 | Snake:4  | 25407 ||| Stepping ~*~*~tactically~*~*~ (retreating).
 25434 | Snake:4  | 25434 ||| INVOKING Heroism.
 25464 | Snake:4  | 25464 ||| Stepping ~*~*~tactically~*~*~ (outnumbered).
 25510 | Snake:4  | 25510 ||| INVOKING Heroism.
 25512 | Snake:4  | 25512 ||| Stepping ~*~*~tactically~*~*~ (outnumbered).
 25513 | Snake:4  | 25513 ||| Stepping ~*~*~tactically~*~*~ (outnumbered).
 25527 | Snake:4  | 25527 ||| Stepping ~*~*~tactically~*~*~ (retreating).
 25528 | Snake:4  | 25528 ||| Stepping ~*~*~tactically~*~*~ (retreating).
 25529 | Snake:4  | 25529 ||| Stepping ~*~*~tactically~*~*~ (retreating).
 25564 | Snake:4  | 25564 ||| INVOKING Heroism.
 25578 | Snake:4  | 25578 ||| Stepping ~*~*~tactically~*~*~ (outnumbered).
 25579 | Snake:4  | 25579 ||| Stepping ~*~*~tactically~*~*~ (outnumbered).
 25580 | Snake:4  | 25580 ||| Stepping ~*~*~tactically~*~*~ (outnumbered).
 25582 | Snake:4  | 25582 ||| RETREATING.
 25583 | Snake:4  | 25583 ||| Stepping ~*~*~tactically~*~*~ (outnumbered).
 25589 | Snake:4  | 25589 ||| RETREATING.
 25593 | Snake:4  | 25593 ||| INVOKING Heroism.
 25601 | Snake:4  | 25601 ||| Stepping ~*~*~tactically~*~*~ (outnumbered).
 25610 | Snake:4  | Reached XP level 18. HP: 123/123 MP: 25/25
 25618 | Snake:4  | 25618 ||| INVOKING Heroism.
 25638 | Snake:4  | 25638 ||| Stepping ~*~*~tactically~*~*~ (outnumbered).
 25644 | Snake:4  | 25644 ||| RETREATING.
 25653 | Snake:4  | 25653 ||| INVOKING Heroism.
 25659 | Snake:4  | 25659 ||| Stepping ~*~*~tactically~*~*~ (outnumbered).
 25722 | Snake:4  | 25722 ||| INVOKING Heroism.
 25758 | Snake:4  | Got a serpentine rune of Zot
 25793 | Snake:4  | 25793 ||| INVOKING Heroism.
 25798 | Snake:4  | 25798 ||| Stepping ~*~*~tactically~*~*~ (outnumbered).
 25964 | Snake:4  | 25964 ||| Stepping ~*~*~tactically~*~*~ (retreating).
 26306 | Snake:4  | 26306 ||| PLANNING VAULTS:1-4
 26511 | Vaults:1 | Entered Level 1 of the Vaults
 26595 | Vaults:1 | 26595 ||| Stepping ~*~*~tactically~*~*~ (outnumbered).
 26596 | Vaults:1 | 26596 ||| Stepping ~*~*~tactically~*~*~ (outnumbered).
 26597 | Vaults:1 | 26597 ||| Stepping ~*~*~tactically~*~*~ (outnumbered).
 26598 | Vaults:1 | 26598 ||| Stepping ~*~*~tactically~*~*~ (outnumbered).
 26599 | Vaults:1 | 26599 ||| Stepping ~*~*~tactically~*~*~ (outnumbered).
 26600 | Vaults:1 | 26600 ||| Stepping ~*~*~tactically~*~*~ (outnumbered).
 26601 | Vaults:1 | 26601 ||| Stepping ~*~*~tactically~*~*~ (outnumbered).
 26603 | Vaults:1 | 26603 ||| Stepping ~*~*~tactically~*~*~ (outnumbered).
 26607 | Vaults:1 | 26607 ||| INVOKING Heroism.
 26730 | Vaults:1 | 26730 ||| Stepping ~*~*~tactically~*~*~ (outnumbered).
 26739 | Vaults:1 | Reached skill level 18 in Fighting
 26777 | Vaults:1 | 26777 ||| Stepping ~*~*~tactically~*~*~ (outnumbered).
 26778 | Vaults:1 | 26778 ||| Stepping ~*~*~tactically~*~*~ (outnumbered).
 26834 | Vaults:1 | Received a gift from Okawaru
 26923 | Vaults:1 | 26923 ||| FLEEEEING.
 26924 | Vaults:1 | 26924 ||| FLEEEEING.
 26930 | Vaults:1 | 26930 ||| INVOKING Heroism.
 26933 | Vaults:1 | 26933 ||| INVOKING Finesse.
 26943 | Vaults:1 | Reached skill level 12 in Armour
 26944 | Vaults:1 | 26944 ||| FLEEEEING.
 26945 | Vaults:1 | 26945 ||| FLEEEEING.
 26946 | Vaults:1 | 26946 ||| FLEEEEING.
 26947 | Vaults:1 | 26947 ||| FLEEEEING.
 27453 | Vaults:1 | 27453 ||| READING scroll of enchant weapon.
 27453 | Vaults:1 | 27453 ||| ENCHANTING +1 heavy triple crossbow.
 27465 | Vaults:1 | 27465 ||| INVOKING Heroism.
 27466 | Vaults:1 | 27466 ||| INVOKING Finesse.
 27555 | Vaults:1 | Found Daxzow's Assorted Antiques.
 27566 | Vaults:1 | 27566 ||| BUYING scroll of enchant weapon (247 gold).
 27566 | Vaults:1 | Bought a scroll of enchant weapon for 247 gold pieces
 27566 | Vaults:1 | 27566 ||| READING scroll of enchant weapon.
 27566 | Vaults:1 | 27566 ||| ENCHANTING +2 heavy triple crossbow.
 27571 | Vaults:1 | 27571 ||| READING scroll of enchant armour.
 27571 | Vaults:1 | 27571 ||| ENCHANTING +1 pair of boots.
 27892 | Vaults:1 | Received a gift from Okawaru
 28111 | Vaults:1 | 28111 ||| INVOKING Heroism.
 28112 | Vaults:1 | 28112 ||| INVOKING Finesse.
 28234 | Vaults:2 | 28234 ||| RETREATING.
 28244 | Vaults:2 | 28244 ||| INVOKING Heroism.
 28253 | Vaults:2 | Reached skill level 12 in Dodging
 28479 | Vaults:2 | 28479 ||| Stepping ~*~*~tactically~*~*~ (outnumbered).
 28480 | Vaults:2 | 28480 ||| Stepping ~*~*~tactically~*~*~ (outnumbered).
 28590 | Vaults:2 | 28590 ||| INVOKING Finesse.
 28593 | Vaults:2 | 28593 ||| FLEEEEING.
 28594 | Vaults:2 | 28594 ||| FLEEEEING.
 28595 | Vaults:2 | 28595 ||| FLEEEEING.
 28596 | Vaults:2 | 28596 ||| FLEEEEING.
 28597 | Vaults:2 | 28597 ||| FLEEEEING.
 28598 | Vaults:2 | 28598 ||| FLEEEEING.
 28599 | Vaults:2 | 28599 ||| FLEEEEING.
 28600 | Vaults:2 | 28600 ||| FLEEEEING.
 28602 | Vaults:2 | 28602 ||| FLEEEEING.
 28603 | Vaults:2 | 28603 ||| FLEEEEING.
 28604 | Vaults:2 | 28604 ||| FLEEEEING.
 28605 | Vaults:2 | 28605 ||| FLEEEEING.
 28606 | Vaults:2 | 28606 ||| FLEEEEING.
 28607 | Vaults:2 | 28607 ||| FLEEEEING.
 28608 | Vaults:2 | 28608 ||| FLEEEEING.
 28609 | Vaults:2 | 28609 ||| FLEEEEING.
 28610 | Vaults:2 | 28610 ||| FLEEEEING.
 28611 | Vaults:2 | 28611 ||| FLEEEEING.
 28612 | Vaults:2 | 28612 ||| FLEEEEING.
 28614 | Vaults:2 | 28614 ||| FLEEEEING.
 28615 | Vaults:2 | 28615 ||| FLEEEEING.
 28616 | Vaults:2 | 28616 ||| FLEEEEING.
 28617 | Vaults:2 | 28617 ||| FLEEEEING.
 28618 | Vaults:2 | 28618 ||| FLEEEEING.
 28619 | Vaults:2 | 28619 ||| FLEEEEING.
 28620 | Vaults:2 | 28620 ||| FLEEEEING.
 28621 | Vaults:2 | 28621 ||| FLEEEEING.
 28622 | Vaults:2 | 28622 ||| FLEEEEING.
 28623 | Vaults:2 | 28623 ||| FLEEEEING.
 28688 | Vaults:2 | Found a staircase to the Crypt.
 28688 | Vaults:2 | Found a basalt altar of Yredelemnul.
 28689 | Vaults:2 | Found an ancient bone altar of Kikubaaqudgha.
 28797 | Vaults:2 | 28797 ||| RETREATING.
 28798 | Vaults:2 | 28798 ||| Stepping ~*~*~tactically~*~*~ (retreating).
 28807 | Vaults:2 | 28807 ||| Stepping ~*~*~tactically~*~*~ (retreating).
 28808 | Vaults:2 | 28808 ||| Stepping ~*~*~tactically~*~*~ (retreating).
 28812 | Vaults:2 | 28812 ||| Stepping ~*~*~tactically~*~*~ (retreating).
 28814 | Vaults:2 | 28814 ||| Stepping ~*~*~tactically~*~*~ (retreating).
 28815 | Vaults:2 | 28815 ||| Stepping ~*~*~tactically~*~*~ (retreating).
 28816 | Vaults:2 | 28816 ||| Stepping ~*~*~tactically~*~*~ (retreating).
 28817 | Vaults:2 | 28817 ||| Stepping ~*~*~tactically~*~*~ (retreating).
 28818 | Vaults:2 | 28818 ||| Stepping ~*~*~tactically~*~*~ (retreating).
 28822 | Vaults:2 | 28822 ||| INVOKING Heroism.
 28828 | Vaults:2 | Identified the +7 shortbow "Jagaik" {speed, rCorr Int-2
                  | Dex+4 Stlth+} (Okawaru gifted it to you on level 2 of the
                  | Vaults)
 28828 | Vaults:2 | Received a gift from Okawaru
 29031 | Vaults:2 | Reached XP level 19. HP: 132/132 MP: 26/26
 29311 | Vaults:2 | 29311 ||| INVOKING Heroism.
 29314 | Vaults:2 | 29314 ||| Stepping ~*~*~tactically~*~*~ (outnumbered).
 29318 | Vaults:2 | 29318 ||| Stepping ~*~*~tactically~*~*~ (outnumbered).
 29693 | Vaults:2 | 29693 ||| INVOKING Heroism.
 29730 | Vaults:2 | Found a transporter.
 29748 | Vaults:2 | Found a transporter.
 29827 | Vaults:2 | 29827 ||| INVOKING Heroism.
 30010 | Vaults:3 | 30010 ||| INVOKING Heroism.
 30125 | Vaults:3 | 30125 ||| INVOKING Heroism.
 30321 | Vaults:3 | 30321 ||| RETREATING.
 30323 | Vaults:3 | 30323 ||| FLEEEEING.
 30324 | Vaults:3 | 30324 ||| FLEEEEING.
 30329 | Vaults:3 | 30329 ||| RETREATING.
 30334 | Vaults:3 | 30334 ||| INVOKING Heroism.
 30337 | Vaults:3 | 30337 ||| Stepping ~*~*~tactically~*~*~ (retreating).
 30338 | Vaults:3 | 30338 ||| Stepping ~*~*~tactically~*~*~ (retreating).
 30341 | Vaults:3 | 30341 ||| Stepping ~*~*~tactically~*~*~ (retreating).
 30342 | Vaults:3 | HP: 16/133 [deep troll[an ironbound preserver] (20)]
 30342 | Vaults:3 | Slain by a deep troll

Levels and vault maps discovered:
D:1:      nicolae_arrival_washed_ashore, layout_loops_ring, serial_forest,
          infiniplex_forest_clump_small, infiniplex_forest_lined_4_way,
          infiniplex_forest_straight_3, infiniplex_forest_diagonal,
          infiniplex_forest_zigzag_1, infiniplex_forest_straight_3,
          infiniplex_forest_clump_small, infiniplex_forest_join,
          infiniplex_forest_split, st_stairs_12
D:2:      layout_basic, minmay_misc_feat_pillars, uniq_natasha
D:3:      layout_basic, serial_shops, shop, uniq_crazy_yiuf_cottage
D:4:      layout_rooms, amcnicky_altar_gilded
D:5:      layout_basic
D:6:      layout_basic, nzn_wu_jian_council_hall
D:7:      layout_loops_corners, minmay_temple_entry_drinking_statues,
          kennysheep_decorative_pillar
D:8:      layout_rooms, tso_altar, corexii_hall_statues_x, uniq_maurice,
          uniq_psyche
D:9:      layout_cave_pools, nicolae_overflow_two_pavilions,
          due_lair_maze_entry_diamond, orc_david_3, serial_shops, shop
D:10:     layout_rooms, hellmonk_ghost_happy_afterlife,
          amcnicky_mini_pool_medium
D:11:     layout_loops_ring, maelrawn_ghost_gauntlet_escape
D:12:     kennysheep_demon_hangout, layout_cave_pools,
          gammafunk_ghost_nasty_kobolds, uniq_nergalle
D:13:     layout_loops_ring, erik_vaults_2
D:14:     layout_basic, minmay_door_square
D:15:     gammafunk_depths_entry_grave, layout_basic, nicolae_uskayaw_suspiria,
          uniq_kirke
Temple:   hellmonk_temple_divided_pantheon
Lair:1:   layout_gridlike, st_stairs_10, grunt_forest_small_clearing_treed
Lair:2:   layout_regular_city, minmay_swamp_entry_reptiles,
          minmay_snake_entry_six_corridors, basic_altar
Lair:3:   layout_gridlike, uniq_sonja, uniq_fannar
Lair:4:   layout_loops_ring, minmay_slime_entry_oklob_enclosed,
          grunt_megastairs_4, lemuel_fruit_fields, infiniplex_staircase_pool,
          uniq_nessos
Lair:5:   hellmonk_lair_end_abyssal_woods, layout_misc_corridors, basic_altar,
          serial_bayou_pond_e, lemuel_fruit_tree
Swamp:1:  layout_falls_marsh, evilmike_swamp_ruin_wall
Swamp:2:  layout_basic_swamp, evilmike_swamp_ruin_house_4
Swamp:3:  layout_falls_marsh, basic_altar, uniq_roxanne
Snake:1:  layout_cave_shapes
Snake:2:  layout_honeycomb
Snake:3:  layout_layer_cave, nicolae_shop_overcharged_wands
Snake:4:  johnstein_snake_rune_scales, layout_basic,
          nicolae_snake_gridmaze_big_u
Orc:1:    layout_diamond_mine
Orc:2:    grunt_orc_tribal_feast, layout_diamond_mine, bh_open_orc_temple
Vaults:1: v_misc_18, nicolae_vaults_more_shelving_2, ontoclasm_vaults_shuriken,
          nicolae_vaults_hexular_roomagon, nicolae_vaults_closet_pinwheel_6,
          nicolae_vaults_mini_display_case, nicolae_vaults_double_plus_1,
          layout_vaults_quadrants, serial_shops, shop
Vaults:2: minmay_crypt_entry_necro_gods, vaults_dpeg_emergency_exit,
          nicolae_vaults_hexular_roomagon, vaults_dpeg_diagonal,
          nicolae_vaults_apartment_2, v_misc_17, nicolae_vaults_trapezoid_4,
          nicolae_vaults_frosty_reception, gammafunk_the_bubble
          [the_bubble_gammafunk_plus_minus], vaults_dpeg_ring,
          nicolae_vaults_diamond_1, v_misc_11, layout_vaults_omnibox
Vaults:3: nicolae_vaults_doubleplus_tesselated,
          nicolae_vaults_closet_pinwheel_4, v_alt_pattern_5,
          grunt_vaults_trifunnel, vaults_dpeg_doors, vaults_room_fancy_cross,
          vaults_dpeg_spiral, nicolae_vaults_shrinking_rooms_2,
          nicolae_vaults_double_plus_2, nicolae_vaults_tetromino_L_1,
          vaults_room_fours, nicolae_vaults_two_Ls, layout_vaults_ring,
          serial_shops, shop

Skill      XL: |  1  2  3  4  5  6  7  8  9 10 11 12 13 14 15 16 17 18 19 |
---------------+----------------------------------------------------------+-----
Ranged Weapons | 5 6 8 10 11 13 14 15 17 19 20 21 22 | 22.0
Armour         | 2 3 4 5 6 9 10 11 12 13 | 13.0
Fighting       | 3 4 5 6 8 10 12 13 15 17 18 19 | 19.6
Dodging        | 2 3 4 6 7 8 9 10 12 | 12.0
Invocations    | 3 4 6 10 | 10.0
Stealth        | |  1.1

Action                     |  1- 3 |  4- 6 |  7- 9 | 10-12 | 13-15 | 16-18 | 19-21 || total
---------------------------+-------+-------+-------+-------+-------+-------+-------++-------
   Fire: Shortbow          |    92 |    43 |       |       |       |       |       ||   135
         Sling             |       |    51 |   293 |    91 |       |       |       ||   435
         Orcbow            |       |       |       |   395 |   188 |       |       ||   583
         Longbow           |       |       |       |       |   671 |   167 |       ||   838
         Triple crossbow   |       |       |       |       |       |   610 |    98 ||   708
 Invoke: Heroism           |       |       |       |    21 |    35 |    37 |     6 ||    99
         Finesse           |       |       |       |     1 |     3 |     4 |       ||     8
    Use: Scroll            |     3 |     4 |     9 |     9 |    11 |    12 |       ||    48
         Potion            |     1 |     5 |     3 |     1 |       |     8 |       ||    18
 Armour: Leather armour    |    23 |       |    18 |   238 |   202 |       |       ||   481
         Ring mail         |     4 |    18 |   113 |       |    32 |   345 |    53 ||   565
  Dodge: Dodged            |    34 |    19 |    75 |   317 |   288 |   709 |    95 ||  1537
  Block: Other             |       |       |     1 |    84 |    76 |   145 |    14 ||   320
         Reflection        |       |       |       |     2 |     5 |    19 |     3 ||    29

Table legend:
 A = Non-vault XP
 B = Vault XP
 C = Vault XP percentage of total XP
 D = Non-vault monster count
 E = Vault monster count
 F = Vault count percentage of total count
                 A         B        C        D         E       F
            +---------+---------+-------+---------+---------+-------
      Total |  248625 |   96881 |  28.0 |     743 |     212 |  22.2
            +---------+---------+-------+---------+---------+-------
        D:1 |      34 |       8 |  19.0 |      22 |       3 |  12.0
        D:2 |     125 |      35 |  21.9 |      19 |       1 |   5.0
        D:3 |     108 |       0 |   0.0 |      21 |       0 |   0.0
        D:4 |     708 |       0 |   0.0 |      30 |       0 |   0.0
        D:5 |     858 |       0 |   0.0 |      28 |       0 |   0.0
        D:6 |     889 |       0 |   0.0 |      12 |       0 |   0.0
        D:7 |     628 |       0 |   0.0 |      19 |       0 |   0.0
        D:8 |    1160 |    1407 |  54.8 |      11 |       8 |  42.1
        D:9 |    2408 |     535 |  18.2 |      20 |       7 |  25.9
       D:10 |    5960 |     894 |  13.0 |      22 |       4 |  15.4
       D:11 |    2696 |       0 |   0.0 |      14 |       0 |   0.0
       D:12 |    1556 |    1132 |  42.1 |       5 |       4 |  44.4
       D:13 |    5224 |    6926 |  57.0 |       9 |       8 |  47.1
       D:14 |   19653 |       0 |   0.0 |      35 |       0 |   0.0
       D:15 |    5606 |    6995 |  55.5 |      16 |      11 |  40.7
     Lair:1 |    4105 |     980 |  19.3 |      21 |       4 |  16.0
     Lair:2 |    6197 |    3413 |  35.5 |      15 |      10 |  40.0
     Lair:3 |    9167 |    1971 |  17.7 |      30 |       3 |   9.1
     Lair:4 |    7294 |    2437 |  25.0 |      27 |       5 |  15.6
     Lair:5 |    4546 |   10285 |  69.3 |      12 |      37 |  75.5
    Swamp:1 |    9289 |       0 |   0.0 |      23 |       0 |   0.0
    Swamp:2 |   16136 |       0 |   0.0 |      24 |       0 |   0.0
    Swamp:3 |   16659 |    1330 |   7.4 |      34 |       1 |   2.9
    Snake:1 |    7774 |       0 |   0.0 |      18 |       0 |   0.0
    Snake:2 |   11392 |       0 |   0.0 |      26 |       0 |   0.0
    Snake:3 |   25361 |       0 |   0.0 |      50 |       0 |   0.0
    Snake:4 |   12639 |   30835 |  70.9 |      28 |      45 |  61.6
      Orc:1 |    3654 |       0 |   0.0 |      28 |       0 |   0.0
      Orc:2 |    2577 |    8586 |  76.9 |      27 |      33 |  55.0
   Vaults:1 |   29014 |    6648 |  18.6 |      46 |       9 |  16.4
   Vaults:2 |   27523 |    6083 |  18.1 |      40 |       9 |  18.4
   Vaults:3 |    7685 |    6381 |  45.4 |      11 |      10 |  47.6
            +---------+---------+-------+---------+---------+-------
